 Dungeon Crawl Stone Soup version 0.21-a0-396-ga924934 (webtiles) character file.

8100 dranichekk the Thaumaturge (level 11, -7/78 HPs)
             Began as a Barachi Summoner on Oct 19, 2017.
             Was a Priest of Ashenzari.
             Mangled by an orc knight
             ... wielding a +0 trident
              (33 damage)
             ... in a bailey.
             The game lasted 00:59:38 (14795 turns).

dranichekk the Thaumaturge (Barachi Summoner)      Turns: 14795, Time: 00:59:38

Health: -7/78      AC:  6    Str:  9    XL:     11   Next: 25%
Magic:  2/27       EV: 14    Int: 21    God:    Ashenzari [***...]
Gold:   807        SH:  0    Dex: 13    Spells: 14/35 levels left

rFire    . . .     SeeInvis +   A - +2 falchion (elec)
rCold    . . .     Gourm    .   (no shield)
rNeg     . . .     Faith    .   G - +0 robe "Visebaf" {rCorr Int+2}
rPois    .         Spirit   .   b - +2 hat {MR+}
rElec    .         Reflect  .   (no cloak)
rCorr    +         Harm     .   (no gloves)
MR       +....                  s - +1 pair of boots
Stlth    ++........             Z - amulet of regeneration
HPRegen  0.63/turn              X - ring of see invisible
MPRegen  0.20/turn              (no ring)

@: can't hop, slow
A: +LOS, swims, slowness 1, strong legs 1
a: Hop, Curse Item, Scrying, Renounce Religion


You were in a bailey.
You worshipped Ashenzari.
Ashenzari was most pleased with you.
You were not hungry.

You visited 2 branches of the dungeon, and saw 13 of its levels.
You also visited: Ossuary and Bailey.

You collected 829 gold pieces.
You spent 22 gold pieces at shops.

Inventory:

Hand Weapons
 A - a +2 falchion of electrocution (weapon)
Armour
 b - a +2 hat of magic resistance (worn)
 s - a +1 pair of boots (worn)
 z - a +2 helmet
 G - the +0 robe "Visebaf" (worn) {rCorr Int+2}
   (You found it on level 5 of the Dungeon)

   It affects your intelligence (+2).
   It protects you from acid and corrosion.
Magical Staves
 P - an uncursed staff of energy
Jewellery
 X - a ring of see invisible (left hand)
 Z - an amulet of regeneration (around neck)
Wands
 e - a wand of disintegration (12/24)
 C - a wand of random effects (35/48)
 O - a wand of flame (24/48)
 V - a wand of enslavement (8/24)
 Y - a wand of acid (0/15)
Scrolls
 a - a scroll of recharging {unknown}
 d - a scroll of silence {unknown}
 j - 8 scrolls of teleportation
 k - 2 scrolls of remove curse
 m - 2 scrolls of amnesia
 t - 3 scrolls of fog
 w - 2 scrolls of fear
 x - a scroll of immolation
 H - 2 scrolls of enchant weapon {unknown}
 I - 2 scrolls of random uselessness {unknown}
 L - a scroll of summoning {unknown}
 T - a scroll of torment {unknown}
Potions
 g - 6 potions of curing
 n - a potion of ambrosia {unknown}
 o - a potion of might
 p - 2 potions of magic {unknown}
 q - a potion of haste {unknown}
 B - 2 potions of lignification {unknown}
 E - 5 potions of degeneration {degen?, unknown}
 J - 3 potions of mutation {unknown}
 K - 8 potions of heal wounds {unknown}
 U - a potion of brilliance {unknown}
 W - a potion of resistance {unknown}
Books
 f - a book of Misfortune

   Spells                             Type                      Level
   a - Confusing Touch                Hexes                        1
   b - Confuse                        Hexes                        3
   c - Gell's Gravitas                Translocation                3
   d - Petrify                        Transmutation/Earth          4
   e - Metabolic Englaciation         Hexes/Ice                    5
   f - Yara's Violent Unravelling     Hexes/Transmutation          5
 v - a book of Minor Magic

   Spells                             Type                      Level
   a - Magic Dart                     Conjuration                  1
   b - Blink                          Translocation                2
   c - Call Imp                       Summoning                    2
   d - Slow                           Hexes                        2
   e - Conjure Flame                  Conjuration/Fire             3
   f - Mephitic Cloud                 Conjuration/Poison/Air       3
Comestibles
 c - 4 bread rations
 h - 2 meat rations
 i - 4 royal jellies
 l - 6 chunks of flesh
 N - 22 fruits


   Skills:
 - Level 4.7 Fighting
 - Level 4.5 Dodging
 - Level 2.5 Stealth
 * Level 12.5 Spellcasting
 - Level 6.0 Hexes
 - Level 6.1 Summonings
 - Level 7.0 Ice Magic
 - Level 5.0 Air Magic


You had 14 spell levels left.
You knew the following spells:

 Your Spells              Type           Power        Failure   Level  Hunger
a - Summon Small Mammal   Summ           ####         1%          1    None
b - Call Imp              Summ           #####...     1%          2    None
c - Call Canine Familiar  Summ           #####...     1%          3    None
d - Blink                 Tloc           N/A          8%          2    None
e - Slow                  Hex            #####...     1%          2    None
f - Summon Ice Beast      Ice/Summ       #####...     3%          4    None
g - Confuse               Hex            #####...     1%          3    None
h - Summon Lightning Spi  Summ/Air       #####...     4%          4    None


Dungeon Overview and Level Annotations

Branches:
Dungeon (12/15)            Temple (1/1) D:5            Lair (0/6) D:11
    Orc: D:9-12

Altars:
Ashenzari
Cheibriados
Dithmenos
Elyvilon
Fedhas
Gozag
Hepliaklqana
Kikubaaqudgha
Makhleb
Nemelex Xobeh
Okawaru
Qazlal
Ru
Sif Muna
Trog
Uskayaw
Vehumet
Wu Jian
Yredelemnul
Zin
The Shining One

Shops:
D:5 =   D:7 }   D:8 *


Innate Abilities, Weirdness & Mutations

Shadows flee at your approach. (+LOS)
You can swim through water.
You cover ground slowly.
You can hop short distances.


Message History

That's the wrong kind of item! (Use * to select it.) Evoke which item? (* to show all) (? for menu, Esc to quit)
Okay, then.
Evoke which item? (* to show all) (? for menu, Esc to quit)
Aiming: Disintegrate (will waste charges)
Aim: an orc knight, wielding a trident and wearing a chain mail (unusually strong, chance to defeat MR: 48%)
The orc knight is blasted.
Evoking this partially-identified wand wasted a few charges.
The orc knight hits you from afar with a trident!!!
* * * LOW HITPOINT WARNING * * *
As you read the scroll of fear, it crumbles to dust.
You assume a fearsome visage.
Your lightning spire is unaffected.
The orc knight looks frightened!
The orc knight completely misses your ice beast.
Your ice beast hits the orc knight.
Your ice beast freezes the orc knight!
Your ice beast's attack snaps the orc knight out of its fear.
Your ice beast misses the orc knight.
The orc knight hits you from afar with a trident!!
You die...

############
##.....8..∩.##
#####....).)))Y..#
....#....)..)Yo..#
.).))....)).)Y..@#
)...#...).)......#
#####....).......#
##........∩.##
############


You could see an orc knight, 3 friendly ice beasts and a friendly lightning
spire.

Vanquished Creatures
  Gastronok (D:11)
  The ghost of Mitsuki the Skirmisher, a novice HOFi (D:6)
  A hippogriff (D:9)
  A wyvern (D:9)
  A soldier ant (D:11)
  A water moccasin (D:10)
  3 orc warriors
  2 ice beasts
  A sky beast (D:11)
  A black bear (D:7)
  3 ogres
  2 big kobolds
  A scorpion (D:6)
  2 howler monkeys (D:11)
  2 bullfrog zombies
  5 crimson imps
  A quasit (D:8)
  A hound (D:9)
  3 centaur zombies
  A human zombie (Ossuary)
  A bullfrog skeleton (D:8)
  2 jellies
  3 orc wizards
  4 worker ants
  A big kobold zombie (Ossuary)
  2 hound zombies (D:7)
  A hound skeleton (D:8)
  2 mummies (Ossuary)
  2 gnolls (D:8)
  An adder (D:10)
  3 shadow imps
  A worm zombie (D:6)
  3 leopard geckos
  11 orcs
  A bat (D:2)
  A giant cockroach (D:1)
  4 goblins
  3 hobgoblins
  8 kobolds
  3 quokkas
  8 frilled lizards
  2 goblin zombies (Ossuary)
  7 hobgoblin zombies (Ossuary)
  12 kobold zombies (Ossuary)
  7 orc zombies (Ossuary)
  2 rats
  2 rat zombies
131 creatures vanquished.

Vanquished Creatures (collateral kills)
  3 two-headed ogres
  An orc knight (Bailey)
  An ugly thing (D:12)
  A gargoyle (D:10)
  A komodo dragon (D:10)
  A kobold demonologist (D:11)
  A troll (D:10)
  The ghost of ontamu the Charmwright, an amateur GnSk (D:4)
  A hornet (D:9)
  2 hippogriffs
  A wyvern (D:12)
  Sigmund (D:6)
  A steam dragon (D:12)
  A hungry ghost (D:9)
  6 orc warriors (Bailey)
  An ice beast (D:7)
  2 sky beasts
  An ogre (D:4)
  2 centaurs
  An elf zombie (Ossuary)
  2 big kobolds
  2 bullfrogs
  3 scorpions
  4 wights (D:9)
  2 jellies
  A crimson imp (D:7)
  9 orc wizards
  3 bullfrog skeletons
  3 hounds
  5 orc priests
  A centaur skeleton (D:10)
  4 worker ants
  A hound skeleton (D:7)
  A gnoll (D:8)
  6 adders
  A shadow imp (D:9)
  An ooze (D:2)
  A dart slug (D:1)
  2 worms
  4 leopard geckos
  47 orcs
  A ball python (D:2)
  A giant cockroach (D:2)
  8 goblins
  6 hobgoblins
  8 jackals
  A quokka (D:7)
  4 bats
  4 frilled lizards
  A goblin zombie (Ossuary)
  A jackal skeleton (D:2)
  13 kobolds
  An orc zombie (Ossuary)
  4 rats
186 creatures vanquished.

Grand Total: 317 creatures vanquished

Notes
Turn   | Place    | Note
-------+----------+-------------------------------------------
     0 | D:1      | dranichekk the Barachi Summoner began the quest for the Orb.
     0 | D:1      | Reached XP level 1. HP: 13/13 MP: 3/3
   339 | D:1      | Reached skill level 5 in Summonings
   339 | D:1      | Reached XP level 2. HP: 17/19 MP: 3/5
   343 | D:1      | Learned a level 2 spell: Call Imp
   899 | D:1      | Reached skill level 3 in Spellcasting
  1555 | D:2      | Reached XP level 3. HP: 20/24 MP: 7/7
  1940 | D:2      | Reached XP level 4. HP: 17/30 MP: 6/9
  2244 | D:2      | Found a faded altar of an unknown god.
  2866 | D:3      | Reached skill level 4 in Spellcasting
  3123 | D:3      | Learned a level 3 spell: Call Canine Familiar
  3126 | D:3      | Learned a level 2 spell: Blink
  3129 | D:3      | Learned a level 2 spell: Slow
  3534 | D:4      | Noticed an ogre
  3582 | D:4      | Reached XP level 5. HP: 35/35 MP: 8/11
  3619 | D:4      | Reached skill level 1 in Hexes
  3767 | D:4      | Killed an ogre
  3767 | D:4      | Reached skill level 5 in Spellcasting
  3904 | D:4      | Reached XP level 6. HP: 41/41 MP: 8/13
  4285 | D:4      | Reached skill level 6 in Spellcasting
  4893 | D:4      | Noticed ontamu's ghost (amateur GnSk)
  4912 | D:4      | Killed ontamu's ghost
  4912 | D:4      | Reached XP level 7. HP: 34/46 MP: 11/17
  5304 | D:5      | Entered Level 5 of the Dungeon
  5304 | D:5      | Found a staircase to the Ecumenical Temple.
  5326 | Temple   | Entered the Ecumenical Temple
  5433 | Temple   | Became a worshipper of Ashenzari the Shackled
  5509 | D:5      | Reached skill level 7 in Spellcasting
  5743 | D:5      | Learned a level 4 spell: Summon Ice Beast
  6291 | D:5      | Got the uncursed robe "Visebaf" {rCorr Int+2}
  6302 | D:5      | Identified the +0 robe "Visebaf" {rCorr Int+2} (You found it on level 5 of the Dungeon)
  6337 | D:5      | Found Rief's Jewellery Shoppe.
  6809 | D:6      | Reached skill level 1 in Fighting
  6809 | D:6      | Reached skill level 1 in Ice Magic
  6869 | D:6      | Found a radiant altar of Vehumet.
  6897 | D:6      | Noticed Mitsuki's ghost (novice HOFi)
  6933 | D:6      | Killed Mitsuki's ghost
  6933 | D:6      | Reached skill level 8 in Spellcasting
  6933 | D:6      | Reached XP level 8. HP: 32/54 MP: 3/20
  6953 | D:6      | Found a sand-covered staircase.
  6958 | Ossuary  | Entered an ossuary
  7932 | D:6      | Noticed Sigmund
  7939 | D:6      | Killed Sigmund
  7979 | D:6      | Found a bloodstained altar of Trog.
  8152 | D:6      | Found a bloodstained altar of Trog.
  8279 | D:7      | Reached * piety under Ashenzari
  8299 | D:7      | Found Sivear's Quality Used Wands.
  8415 | D:7      | Reached skill level 9 in Spellcasting
  8432 | D:7      | Reached XP level 9. HP: 61/61 MP: 16/22
  9167 | D:7      | Found a sparkling altar of Nemelex Xobeh.
  9170 | D:7      | Found a deep blue altar of Sif Muna.
  9173 | D:7      | Found a burning altar of Makhleb.
  9464 | D:8      | Found Ethrirhudgh's Assorted Antiques.
  9488 | D:8      | Reached ** piety under Ashenzari
  9490 | D:8      | Found a glowing golden altar of the Shining One.
  9741 | D:7      | Bought a wand of confusion (0/48) for 22 gold pieces
  9745 | D:7      | Learned a level 3 spell: Confuse
  9925 | D:8      | Reached skill level 5 in Ice Magic
  9983 | D:8      | Found a stormy altar of Qazlal.
 10274 | D:9      | Learned a level 4 spell: Summon Lightning Spire
 10421 | D:9      | Reached skill level 1 in Air Magic
 10504 | D:9      | Noticed a hornet
 10520 | D:9      | Killed a hornet
 10520 | D:9      | Reached skill level 10 in Spellcasting
 11475 | D:10     | Entered Level 10 of the Dungeon
 11475 | D:10     | Noticed a gargoyle
 11489 | D:10     | Killed a gargoyle
 11489 | D:10     | Reached XP level 10. HP: 32/70 MP: 2/24
 11837 | D:10     | HP: 3/70 [komodo dragon (29)]
 12239 | D:10     | Reached skill level 11 in Spellcasting
 13350 | D:11     | Noticed a two-headed ogre
 13363 | D:11     | Killed a two-headed ogre
 13404 | D:11     | Found a staircase to the Lair.
 13421 | D:11     | Noticed a kobold demonologist
 13440 | D:11     | Killed a kobold demonologist
 13614 | D:11     | Reached *** piety under Ashenzari
 13653 | D:11     | Noticed Gastronok
 13665 | D:11     | Killed Gastronok
 13665 | D:11     | Reached skill level 5 in Hexes
 14081 | D:11     | Noticed a two-headed ogre
 14113 | D:11     | Killed a two-headed ogre
 14113 | D:11     | Reached XP level 11. HP: 15/78 MP: 13/26
 14412 | D:12     | Noticed a green ugly thing
 14428 | D:12     | Killed a green ugly thing
 14428 | D:12     | Reached skill level 12 in Spellcasting
 14465 | D:12     | Reached skill level 5 in Air Magic
 14468 | D:12     | Noticed a two-headed ogre
 14474 | D:12     | Killed a two-headed ogre
 14511 | D:12     | Found a flagged portal.
 14577 | Bailey   | Entered a bailey
 14746 | Bailey   | Noticed an orc knight
 14756 | Bailey   | Noticed an orc knight
 14791 | Bailey   | Killed an orc knight
 14795 | Bailey   | Mangled by an orc knight

Vault maps used:
D:1:      evilmike_arrival_rings
D:2:      chequers_ecumenical_altar_simple_redux, serial_bayou_pond_c,
          hangedman_glass_teeth
D:3:      first_bread, grunt_decor_arrowhead
D:5:      minmay_temple_entry_trees, serial_shops, shop_fountains,
          serial_bayou_pond_c, minmay_misc_feat_doors
D:6:      lemuel_crystal_altar, vehumet_altar_wand_db, enter_ossuary_3,
          trog_hazing_becter, uniq_sigmund
D:7:      grunt_temple_overflow_diamond, nicolae_for_you_no_charge
D:8:      grunt_qazlal_clouds, serial_shops, kennysheep_little_box, basic_altar,
          blue_anna_alchemist
D:9:      serial_co_window_serial, co_window_paths_a, co_window_paths_a,
          co_window_cross_1, co_window_paths_a, co_window_corner_a,
          co_window_paths_a, co_window_of_opportunity_a, co_window_broadway_b,
          co_window_corner_cb, co_window_2corner, co_window_broadway_b,
          co_window_unsneaky_path_c, co_window_4corner_b, glass_columns_a,
          glass_columns_a, glass_columns_b, glass_columns_c
D:11:     lair_entry_dummy, uniq_gastronok
D:12:     orc_0_dummy, enter_bailey_3
Temple:   eino_temple_scatter_basement
Ossuary:  ossuary_tomb_1
Bailey:   bailey_polearm_5, bailey

Skill      XL: |  1  2  3  4  5  6  7  8  9 10 11 |
---------------+----------------------------------+-----
Summonings     | 5 6 |  6.1
Spellcasting   | 3 4 5 6 8 9 10 11 12 | 12.5
Hexes          | 1 2 3 5 6 |  6.0
Fighting       | 1 2 3 4 |  4.7
Ice Magic      | 3 4 5 7 |  7.0
Dodging        | 3 4 |  4.5
Stealth        | 2 |  2.5
Air Magic      | 3 4 5 |  5.0

Action                   |  1- 3 |  4- 6 |  7- 9 | 10-12 || total
-------------------------+-------+-------+-------+-------++-------
Melee: Dagger            |    77 |    48 |       |       ||   125
       Trident           |       |   106 |     7 |       ||   113
       Falchion          |       |       |   256 |   100 ||   356
Throw: Tomahawk          |       |     1 |     1 |       ||     2
 Cast: Summon Small Mamm |    21 |    15 |     1 |     1 ||    38
       Call Imp          |    10 |    27 |    32 |     6 ||    75
       Call Canine Famil |       |     5 |    18 |    11 ||    34
       Summon Ice Beast  |       |       |     7 |    26 ||    33
       Blink             |       |       |     2 |       ||     2
       Confuse           |       |       |     9 |     6 ||    15
       Summon Lightning  |       |       |     3 |    19 ||    22
 Abil: Hop               |       |     1 |     2 |     2 ||     5
Evoke: Wand              |       |       |     6 |     7 ||    13
  Use: Scroll            |       |       |     9 |     3 ||    12
 Stab: Sleeping          |     4 |     3 |     3 |     1 ||    11
       Distracted        |       |     1 |     2 |     1 ||     4
  Eat: Chunk             |     4 |     7 |    12 |    12 ||    35
       Bread ration      |       |     1 |     1 |       ||     2
       Fruit             |       |       |     9 |       ||     9
Armor: Robe              |    23 |    21 |    94 |    30 ||   168
Dodge: Dodged            |    66 |    92 |   232 |    81 ||   471
       Rpst.: Falchion   |       |       |    66 |    17 ||    83

Table legend:
 A = Spawn XP
 B = Non-spawn XP
 C = Spawn XP percentage of total XP
 D = Spawn monster count
 E = Non-spawn monster count
 F = Spawn count percentage of total count
 G = Total turns spent on level
                    A         B        C        D         E        F      G
               +---------+---------+-------+---------+---------+-------+---------
         Total |       0 |   11572 |   0.0 |       0 |     317 |   0.0 | 14795
               +---------+---------+-------+---------+---------+-------+---------
           D:1 |       0 |      33 |   0.0 |       0 |      25 |   0.0 |  1542
           D:2 |       0 |      63 |   0.0 |       0 |      26 |   0.0 |  1136
           D:3 |       0 |      54 |   0.0 |       0 |      15 |   0.0 |   897
           D:4 |       0 |     554 |   0.0 |       0 |      29 |   0.0 |  1729
           D:5 |       0 |     178 |   0.0 |       0 |       7 |   0.0 |  1354
           D:6 |       0 |    1002 |   0.0 |       0 |      21 |   0.0 |   717
           D:7 |       0 |     759 |   0.0 |       0 |      22 |   0.0 |  1051
           D:8 |       0 |     468 |   0.0 |       0 |      13 |   0.0 |   894
           D:9 |       0 |    1107 |   0.0 |       0 |      13 |   0.0 |  1289
          D:10 |       0 |    1272 |   0.0 |       0 |      19 |   0.0 |  1784
          D:11 |       0 |    3652 |   0.0 |       0 |      39 |   0.0 |  1131
          D:12 |       0 |    1148 |   0.0 |       0 |      15 |   0.0 |   187
       Ossuary |       0 |     276 |   0.0 |       0 |      38 |   0.0 |   748
        Bailey |       0 |    1006 |   0.0 |       0 |      35 |   0.0 |   218
               +---------+---------+-------+---------+---------+-------+---------
